 Dungeon Crawl Stone Soup version 0.30-a0-634-g8abc85282e (webtiles) character file.

Game seed: 1876304062967019302

50423 CoinPitGoblin the Reanimator (level 14, -10/99 HPs)
             Began as a Demonspawn Necromancer on Jan 14, 2023.
             Was an Initiate of Gozag.
             Mangled by a death yak simulacrum (31 damage)
             ... on level 4 of the Lair of Beasts.
             The game lasted 01:01:52 (23114 turns).

CoinPitGoblin the Reanimator (DsNe)                Turns: 23114, Time: 01:01:53

Health: -10/99     AC: 20    Str: 15    XL:     14   Next: 19%
Magic:  0/31       EV: 14    Int: 25    God:    Gozag
Gold:   1366       SH:  0    Dex: 15    Spells: 7/40 levels left

rFire   . . .      SeeInvis +    S - +4 rapier of Nixki {drain, Will+}
rCold   . . .      Faith    .    (no shield)
rNeg    . . .      Spirit   +    t - +8 ring mail of Animosh {rElec Will+ rCorr Int+2}
rPois   +          Reflect  .    i - +3 crown of Dyrovepreva {rElec Int+2 SInv}
rElec   +          Harm     .    x - +1 cloak
rCorr   +          Rampage  .    I - +0 pair of gloves
Will    +++..                    (no boots)
Stlth   +                        a - amulet of magic regeneration
HPRegen 0.36/turn                R - ring of Dim Light {rPois Str+7}
MPRegen 0.84/turn                A - ring of wizardry

@: gold aura, contaminated, glowing
A: demonic guardian 3, magic shield, magic regeneration, sturdy frame 1,
weakness stinger 2
a: Renounce Religion, Potion Petition, Call Merchant, Bribe Branch


You were on level 4 of the Lair of Beasts.
You worshipped Gozag.
Gozag was most pleased with you.
You visited 4 branches of the dungeon, and saw 21 of its levels.

You collected 3965 gold pieces.
You spent 1368 gold pieces at shops.
You paid 1231 gold pieces to Gozag.

Inventory:

Hand Weapons
 p - the +4 scimitar of Uskayaw's Regard {pain, rElec rN+}
   (You found it on level 4 of the Lair of Beasts)

   rElec:     It insulates you from electricity.
   rN:        It protects you from negative energy.
 y - a +4 heavy quarterstaff
 S - the +4 rapier of Nixki (weapon) {drain, Will+}
   (You found it on level 3 of the Lair of Beasts)

   Will:      It increases your willpower.
Missiles
 K - a throwing net
Armour
 i - the +3 crown of Dyrovepreva (worn) {rElec Int+2 SInv}
   (You found it on level 8 of the Dungeon)

   Int:       It affects your intelligence (+2).
   rElec:     It insulates you from electricity.
   SInv:      It lets you see invisible.
 s - a +0 kite shield
 t - the +8 ring mail of Animosh (worn) {rElec Will+ rCorr Int+2}
   (You found it on level 3 of the Dungeon)

   Int:       It affects your intelligence (+2).
   rElec:     It insulates you from electricity.
   rCorr:     It protects you from acid and corrosion.
   Will:      It increases your willpower.
 x - a +1 cloak (worn)
 I - a +0 pair of gloves (worn)
Magical Staves
 N - a staff of poison
Jewellery
 a - an amulet of magic regeneration (around neck)
 c - a +6 ring of dexterity
 A - a ring of wizardry (right hand)
 C - a ring of willpower
 J - a ring of protection from fire
 P - a ring of resist corrosion
 R - the ring of Dim Light (left hand) {rPois Str+7}
   (You found it on level 1 of the Lair of Beasts)

   [ring of poison resistance]

   Str:       It affects your strength (+7).
   rPois:     It protects you from poison.
Wands
 v - a wand of polymorph (4)
 E - a wand of acid (9)
 G - a wand of flame (63)
Scrolls
 f - 14 scrolls of identify
 j - 4 scrolls of teleportation
 m - a scroll of fear
 u - 3 scrolls of magic mapping
 z - 4 scrolls of poison
 D - 2 scrolls of fog
 L - a scroll of amnesia
 M - 3 scrolls of enchant weapon
 O - 3 scrolls of blinking
 Q - a scroll of brand weapon
Potions
 b - 2 potions of magic
 d - 4 potions of flight
 e - 8 potions of curing
 g - a potion of cancellation
 h - 3 potions of berserk rage
 k - 3 potions of attraction
 l - 3 potions of heal wounds
 n - 2 potions of brilliance
 o - 2 potions of haste
 w - 4 potions of ambrosia
 B - 2 potions of might
 F - a potion of lignification
 H - 3 potions of mutation


   Skills:
 + Level 5.7 Fighting
 + Level 6.1 Armour
 + Level 6.5 Dodging
 - Level 1.7 Stealth
 + Level 13.8 Spellcasting
 * Level 3.2 Conjurations
 + Level 10.6 Hexes
 + Level 14.8 Necromancy


You had 7 spell levels left.
You knew the following spells:

 Your Spells              Type           Power      Damage    Failure   Level
a - Yara's Violent Unrav  Hex/Tmut       21%        3d10      6%          5
b - Vhi's Electric Charg  Tloc/Air       34%        N/A       6%          3
c - Swiftness             Air            17%        N/A       6%          3
d - Irradiate             Conj/Tmut      12%        3d15      26%         5
q - Vampiric Draining     Necr           74%        2d11      1%          3
s - Enfeeble              Hex            31%        N/A       21%         7
x - Summon Guardian Gole  Hex/Summ       43%        N/A       1%          3
z - Leda's Liquefaction   Hex/Erth       21%        N/A       1%          4

Your spell library contained the following spells:

 Spells                   Type           Power      Damage    Failure   Level
 Necrotise                Necr           100%       1d9       0%          1
 Beastly Appendage        Tmut           34%        N/A       1%          1
 Freeze                   Ice            68%        1d8       1%          1
 Magic Dart               Conj           100%       1d8       1%          1
 Shock                    Conj/Air       100%       1d9       1%          1
 Summon Small Mammal      Summ           68%        N/A       1%          1
 Portal Projectile        Hex/Tloc       86%        N/A       1%          3
 Fulminant Prism          Conj/Hex       25%        3d13      1%          4
 Agony                    Necr           74%        N/A       1%          5
 Blink                    Tloc           34%        N/A       2%          2
 Call Imp                 Summ           17%        N/A       2%          2
 Wereblood                Tmut           17%        N/A       2%          2
 Hailstorm                Conj/Ice       25%        3d7       2%          3
 Mephitic Cloud           Conj/Pois/Air  22%        N/A       3%          3
 Call Canine Familiar     Summ           17%        N/A       6%          3
 Frozen Ramparts          Ice            34%        1d6       6%          3
 Gell's Gravitas          Tloc           17%        N/A       6%          3
 Kindle Blastsparks       Fire/Tloc/Air  34%        2d12      6%          3
 Lesser Beckoning         Tloc           34%        N/A       6%          3
 Spider Form              Tmut/Pois      17%        N/A       6%          3
 Teleport Other           Tloc           17%        N/A       6%          3
 Iskenderun's Mystic Bla  Conj/Tloc      25%        2d7       10%         4
 Airstrike                Air            8%         2d(2-18)  17%         4
 Blade Hands              Tmut           8%         N/A       43%         5
 Lee's Rapid Deconstruct  Erth           8%         3d7*      43%         5
 Dispersal                Tloc           8%         N/A       93%         6
 Orb of Destruction       Conj           16%        9d7       98%         7
 Dragon Form              Tmut           8%         N/A       100%        7
 Spellforged Servitor     Conj/Summ      12%        N/A       100%        7
 Animate Dead             Necr           Unusable   N/A       N/A         4

Dungeon Overview and Level Annotations

Branches:
Dungeon (14/15)            Temple (1/1) D:4            Lair (5/5) D:8
 Spider (0/4) Lair:2        Slime (0/5) Lair:5          Orc (1/2) D:10
 Vaults (0/5) D:13
  Swamp: Lair:2-3    Shoals: Lair:2-3

Altars:
Ashenzari
Cheibriados
Dithmenos
Fedhas
Gozag
Hepliaklqana
Kikubaaqudgha
Makhleb
Nemelex Xobeh
Okawaru
Qazlal
Ru
Sif Muna
Trog
Uskayaw
Vehumet
Wu Jian
Xom
Yredelemnul
Jiyva

Shops:
D:1 (   D:6 ?   D:9 :   D:10 !   D:11 (   D:12 (

Annotations:
D:10 2 transporters, Toxicplasma's ghost, journeyman MiBe


Innate Abilities, Weirdness & Mutations

A powerful demonic guardian rushes to your aid.
When hurt, damage is shared between your health and your magic reserves.
You regenerate magic rapidly.
Your movements are slightly less encumbered by armour. (ER -2)
You have a tail ending in a sharp stinger.


Message History

The elephant simulacrum tramples you.
You stumble backwards!
Casting: Irradiate (dangerous; 26% risk of failure)
Confirm with . or Enter, or press ? or * to list all spells.
You erupt in a fountain of uncontrolled magic!
The elephant simulacrum is blasted with magical radiation!!
The elephant simulacrum vaporises!
Casting: Irradiate (dangerous; 26% risk of failure)
Confirm with . or Enter, or press ? or * to list all spells.
You miscast Irradiate.
Nothing appears to happen.
The death yak simulacrum gores you. The death yak simulacrum freezes you!!!
The death yak simulacrum gores you but does no damage.
Casting: Irradiate (dangerous; 26% risk of failure)
Confirm with . or Enter, or press ? or * to list all spells.
You erupt in a fountain of uncontrolled magic!
The death yak simulacrum is blasted with magical radiation!
The death yak simulacrum is moderately damaged.
The death yak simulacrum is blasted with magical radiation!!
The death yak simulacrum is almost destroyed.
The death yak simulacrum closely misses you.
You puncture the death yak simulacrum!
The death yak simulacrum vaporises!
The death yak simulacrum gores you but does no damage.
You hit the death yak simulacrum. You tail-slap the death yak simulacrum!
The death yak simulacrum is severely damaged.
The death yak simulacrum is distracted by your dazzling golden aura.
You catch the helpless death yak simulacrum completely off-guard!
You hit the death yak simulacrum but do no damage.
The death yak simulacrum is no longer distracted by gold.
You tail-slap the death yak simulacrum, but do no damage.
The death yak simulacrum is severely damaged.
The death yak simulacrum gores you.
A demonic guardian appears!
The death yak simulacrum freezes you!!
* * * LOW HITPOINT WARNING * * *
You puncture the death yak simulacrum!
The death yak simulacrum is almost destroyed.
The death yak simulacrum gores you.
* * * LOW HITPOINT WARNING * * *
The death yak simulacrum freezes you!!
You die...
Your body crumbles into a pile of gold.

#....#......
#..........
.........#
........#
.###
#......# ...
#......#
..## #..$$2#
#...# #.Z°$#
...#
#..@.###
##...
####...#
#..#
#...####.P#
##P.....>##
###....##
#.##.##
###.## ##


You could see a death yak simulacrum (ally target) and a friendly lorocyproca
(summoned, invisible).

Vanquished Creatures
  Erolcha (D:9)
  A hydra (Lair:3)
  A vault guard (D:13)
  A catoblepas (D:14)
  A centaur warrior (D:13)
  Amaemon (Lair:1)
  A deep elf pyromancer (D:12)
  A manticore (D:12)
  4 black mambas
  10 cane toads
  3 elephants (Lair:4)
  A torpor snail (Lair:4)
  2 unseen horrors
  4 komodo dragons
  2 polar bears
  2 hornets
  3 trolls
  13 blink frogs
  5 slime creatures
  Sigmund (D:6)
  8 spriggans (Lair:4)
  A shadow (D:9)
  5 wyverns
  16 yaks
  4 wraiths
  4 redbacks (Lair:2)
  7 basilisks
  3 vampire mosquitoes
  3 wargs (D:12)
  A death yak simulacrum (Lair:4)
  19 water moccasins
  Edmund (D:4)
  2 acid dragons
  2 orc warriors (D:12)
  3 black bears
  A wolf (Lair:4)
  2 centaurs
  3 boggarts (Lair:4)
  9 kobold brigands
  7 bullfrogs
  A necrophage (D:5)
  A gnoll sergeant (D:13)
  8 killer bees
  2 elephant simulacra (Lair:4)
  5 electric eels
  4 howler monkeys
  3 lava snakes (Lair:3)
  Crazy Yiuf (D:4)
  3 jellies
  2 gnoll boudas
  3 orc priests
  5 hounds
  An iron imp (D:7)
  2 iguanas
  8 orc wizards
  Natasha (thrice) (D:4)
  A wolf simulacrum (Lair:4)
  14 gnolls
  8 adders
  A shadow imp (D:5)
  A white imp (D:7)
  3 worms
  3 dart slugs
  33 orcs
  4 bats
  15 endoplasms
  3 giant cockroaches
  7 goblins
  8 hobgoblins
  29 kobolds
  2 quokkas (D:4)
  5 ball pythons
  5 frilled lizards
  5 rats
358 creatures vanquished.

Vanquished Creatures (collateral kills)
  2 vault guards (D:13)
  3 hydras
  An ugly thing (D:12)
  4 elephants
  A black mamba (Lair:4)
  A cane toad (Lair:2)
  3 komodo dragons
  2 trolls (D:12)
  3 hornets
  A polar bear (Lair:3)
  6 blink frogs (Lair:4)
  4 spriggans (Lair:4)
  2 wraiths
  5 yaks
  A vampire mosquito (D:13)
  A warg (D:12)
  3 orc warriors (D:12)
  2 wolves (Lair:5)
  2 bullfrogs
  A killer bee (D:9)
  A lava snake (D:9)
  A gnoll bouda (D:7)
  3 gnolls
  5 orcs
  An endoplasm (D:2)
  A frilled lizard (D:1)
60 creatures vanquished.

Vanquished Creatures (others)
  5 vault guards (D:13)
  7 ugly things (D:14)
  Joseph (D:9)
  An orange demon (Lair:1)
  A gargoyle (D:12)
  A komodo dragon (Lair:1)
  A troll (D:13)
  A blink frog (Lair:2)
  4 slime creatures
  2 yaks (Lair:2)
  2 vampire mosquitoes (D:13)
  A water moccasin (Lair:1)
  2 orc warriors (D:9)
  A gnoll sergeant (D:7)
  4 killer bees (D:7)
  2 jellies (D:7)
  3 gnolls (D:7)
  3 orcs (D:9)
  A bush (Lair:3)
  30 fungi
  47 plants
  8 toadstools (D:7)
128 creatures vanquished.

Grand Total: 546 creatures vanquished

Notes
Turn   | Place    | Note
-------+----------+-------------------------------------------
     0 | D:1      | CoinPitGoblin the Demonspawn Necromancer began the quest
                  | for the Orb.
     0 | D:1      | Reached XP level 1. HP: 13/13 MP: 3/3
   214 | D:1      | Gained mutation: A weak demonic guardian rushes to your
                  | aid. [demonic ancestry]
   214 | D:1      | Reached XP level 2. HP: 19/19 MP: 3/5
   577 | D:1      | Found Toraxt's Weapon Boutique.
   628 | D:1      | Reached skill level 5 in Necromancy
   803 | D:1      | Gained mutation: You regenerate magic rapidly. [demonic
                  | ancestry]
   803 | D:1      | Reached XP level 3. HP: 23/24 MP: 0/6
  1299 | D:2      | Learned a level 3 spell: Vampiric Draining
  1589 | D:2      | Reached XP level 4. HP: 30/30 MP: 4/8
  1717 | D:2      | Found a faded altar of an unknown god.
  2447 | D:3      | Noticed a +0 short sword
  2447 | D:3      | Noticed a +0 short sword
  2447 | D:3      | Noticed a +0 spear
  2447 | D:3      | Noticed a +0 falchion
  2448 | D:3      | Noticed a +0 dagger
  2448 | D:3      | Noticed a +0 falchion
  2448 | D:3      | Noticed a +0 dagger
  2448 | D:3      | Noticed a +0 spear
  2463 | D:3      | Found a hide-covered altar of Uskayaw.
  2521 | D:3      | Identified the +8 ring mail of Animosh {rElec Will+ rCorr
                  | Int+2}
  2825 | D:3      | Found a hazy altar of Hepliaklqana.
  3350 | D:4      | Noticed Natasha
  3360 | D:4      | Killed Natasha
  3361 | D:4      | Reached skill level 6 in Necromancy
  3361 | D:4      | Gained mutation: A demonic guardian rushes to your aid.
                  | [demonic ancestry]
  3361 | D:4      | Reached XP level 5. HP: 35/35 MP: 10/10
  3375 | D:4      | Noticed Natasha
  3380 | D:4      | Killed Natasha
  3434 | D:4      | Noticed Edmund
  3445 | D:4      | Killed Edmund
  3446 | D:4      | Reached skill level 1 in Armour
  3446 | D:4      | Reached XP level 6. HP: 23/42 MP: 6/12
  3630 | D:4      | Learned a level 4 spell: Leda's Liquefaction
  3848 | D:4      | Found a staircase to the Ecumenical Temple.
  3888 | Temple   | Entered the Ecumenical Temple
  3980 | Temple   | Became a worshipper of Gozag Ym Sagoz the Greedy
  4096 | D:4      | Found a runed translucent door.
  4097 | D:4      | Noticed Crazy Yiuf
  4211 | D:4      | Noticed Natasha
  4217 | D:4      | Killed Natasha
  4374 | D:4      | Killed Crazy Yiuf
  4514 | D:5      | Entered Level 5 of the Dungeon
  4523 | D:5      | Reached skill level 1 in Hexes
  4687 | D:5      | Gained mutation: You have a small tail. [demonic ancestry]
  4687 | D:5      | Reached XP level 7. HP: 45/47 MP: 6/14
  4826 | D:5      | Reached skill level 1 in Fighting
  4874 | D:5      | Noticed a wraith
  4878 | D:5      | Reached skill level 5 in Spellcasting
  4878 | D:5      | Reached skill level 7 in Necromancy
  4892 | D:5      | Killed a wraith
  5415 | D:6      | Noticed Sigmund
  5415 | D:6      | Found a radiant altar of Vehumet.
  5443 | D:5      | Gained mutation: When hurt, damage is shared between your
                  | health and your magic reserves. [demonic ancestry]
  5443 | D:5      | Reached XP level 8. HP: 48/54 MP: 16/16
  5489 | D:6      | Killed Sigmund
  5626 | D:6      | Found Boekiczo's Magic Scroll Shoppe.
  5669 | D:6      | Found a faded altar of an unknown god.
  5898 | D:6      | Reached skill level 8 in Necromancy
  6034 | D:7      | Found a broken altar of Ashenzari.
  6193 | D:7      | Learned a level 3 spell: Summon Guardian Golem
  6345 | D:7      | Reached XP level 9. HP: 52/61 MP: 14/18
  6438 | D:7      | Found a snail-covered altar of Cheibriados.
  6934 | D:7      | Reached skill level 9 in Necromancy
  7162 | D:7      | Reached skill level 5 in Hexes
  7680 | D:8      | Reached XP level 10. HP: 46/70 MP: 17/22
  7931 | D:8      | Found a stormy altar of Qazlal.
  8017 | D:8      | Found an iron altar of Okawaru.
  8041 | D:8      | Found the +3 crown of Dyrovepreva {rElec Int+2 SInv}
  8109 | D:8      | Found an ornate altar of the Wu Jian Council.
  8349 | D:8      | Found a staircase to the Lair.
  8521 | D:9      | Noticed Erolcha
  8538 | D:9      | Killed Erolcha
  8711 | D:9      | Noticed Joseph
  8730 | D:8      | Reached skill level 10 in Necromancy
  8956 | D:9      | Killed Joseph
  9220 | D:9      | Found a bloodstained altar of Trog.
  9231 | D:9      | Identified the +0 robe "Leqegoreegg" {rN++ Will+ Dex-4}
 10112 | D:10     | Entered Level 10 of the Dungeon
 10122 | D:9      | Learned a level 3 spell: Swiftness
 10155 | D:10     | Found a transporter.
 10195 | D:10     | Found a shimmering blue altar of Sif Muna.
 10461 | D:10     | Found a staircase to the Orcish Mines.
 10807 | D:10     | Noticed a two-headed ogre
 10807 | D:10     | Noticed Toxicplasma's ghost (journeyman MiBe)
 10807 | D:10     | Identified the +7 dire flail "Daisuty" {freeze, Str+5}
 10807 | D:10     | Identified the +2 great mace of Gawk {drain, rElec Will+
                  | MP+9 Int+4 Stlth+}
 10807 | D:10     | Noticed a two-headed ogre
 10808 | D:10     | Noticed a two-headed ogre
 10809 | D:10     | Found a transporter.
 10993 | Orc:1    | Entered Level 1 of the Orcish Mines
 11026 | D:10     | Found Biluos's Distillery.
 11322 | D:11     | Gained mutation: Your movements are slightly less
                  | encumbered by armour. (ER -2) [demonic ancestry]
 11322 | D:11     | Reached XP level 11. HP: 26/77 MP: 3/24
 11701 | D:11     | Found Menylax's Weapon Boutique.
 12613 | D:12     | Reached skill level 11 in Necromancy
 12694 | D:12     | Noticed a cyan ugly thing
 12705 | D:12     | Killed a cyan ugly thing
 12706 | D:12     | Reached skill level 5 in Armour
 12833 | D:12     | Found Eschic's Weapon Boutique.
 13318 | D:12     | Reached skill level 10 in Spellcasting
 13746 | D:12     | Noticed a deep elf pyromancer
 13755 | D:12     | Killed a deep elf pyromancer
 14331 | D:13     | Noticed a centaur warrior
 14340 | D:13     | Killed a centaur warrior
 14341 | D:13     | Reached skill level 5 in Dodging
 14501 | D:13     | Found a gate to the Vaults.
 14501 | D:13     | Noticed a vault guard
 14501 | D:13     | Noticed a vault guard
 14501 | D:13     | Noticed a vault guard
 14501 | D:13     | Noticed a vault guard
 14501 | D:13     | Noticed a vault guard
 14501 | D:13     | Noticed a vault guard
 14501 | D:13     | Noticed a vault guard
 14524 | D:13     | Noticed a vault guard
 15148 | Lair:1   | Entered Level 1 of the Lair of Beasts
 15165 | Lair:1   | Reached skill level 12 in Necromancy
 15228 | Lair:1   | Identified the +3 robe of Lust {Harm Str+4 Int-5}
 15312 | Lair:1   | Gained mutation: A powerful demonic guardian rushes to your
                  | aid. [demonic ancestry]
 15312 | Lair:1   | Reached XP level 12. HP: 42/84 MP: 9/26
 15581 | D:8      | Learned a level 5 spell: Yara's Violent Unravelling
 15589 | D:8      | Learned a level 7 spell: Enfeeble
 15787 | D:13     | Killed a vault guard
 15795 | D:13     | Killed a vault guard
 15811 | D:13     | Killed a vault guard
 15829 | D:13     | Killed a vault guard
 15840 | D:13     | Killed a vault guard
 15861 | D:13     | Killed a vault guard
 15866 | D:13     | Killed a vault guard
 15974 | D:13     | Killed a vault guard
 16551 | D:14     | Reached skill level 5 in Fighting
 16606 | D:14     | Noticed a catoblepas
 16830 | D:14     | Killed a catoblepas
 16934 | D:14     | Reached skill level 10 in Hexes
 17306 | Lair:1   | Noticed Amaemon
 17323 | Lair:1   | Killed Amaemon
 17324 | Lair:1   | Reached XP level 13. HP: 86/91 MP: 29/29
 17416 | Lair:1   | Identified the ring of Dim Light {rPois Str+7}
 17560 | Lair:1   | Reached skill level 13 in Necromancy
 18042 | Lair:2   | Found a hole to the Spider Nest.
 19461 | D:9      | Bought a book of Transfigurations for 720 gold pieces
 19461 | D:9      | Bought the Directory of the Jaunt for 648 gold pieces
 19465 | D:9      | Learned a level 3 spell: Vhi's Electric Charge
 19471 | D:9      | Learned a level 5 spell: Irradiate
 19952 | Lair:3   | Identified the +4 rapier of Nixki {drain, Will+}
 21130 | Lair:4   | Reached skill level 14 in Necromancy
 21185 | Lair:4   | Reached skill level 1 in Conjurations
 22222 | Lair:4   | Gained mutation: You have a tail ending in a sharp stinger.
                  | [demonic ancestry]
 22222 | Lair:4   | Reached XP level 14. HP: 87/99 MP: 14/31
 22326 | Lair:4   | Identified the +4 scimitar of Uskayaw's Regard {pain, rElec
                  | rN+}
 22784 | Lair:5   | Entered Level 5 of the Lair of Beasts
 22844 | Lair:5   | Found a staircase to the Slime Pits.
 22844 | Lair:5   | Found a viscous altar of Jiyva.
 23114 | Lair:4   | Mangled by a death yak simulacrum

Illustrated notes

Levels and vault maps discovered:
D:1:      eino_arrival_cavern_b, layout_basic, serial_shops,
          nicolae_shop_bloodbath_and_beyond, minmay_strange_pillars
D:2:      layout_basic, shapermc_ecumenical_altar_mp_urbaneastern
D:3:      layout_loops_ring, worldfamousw_hep_ancestral_shrine,
          nicolae_uskayaw_en_pointe
D:4:      layout_loops_ring, minmay_temple_entry_enclosed_plants, minmay_cupped,
          uniq_edmund, uniq_natasha, uniq_crazy_yiuf_cottage
D:5:      layout_loops_ring
D:6:      layout_cave_pools, mainiacjoe_overflow_concentric_impassable,
          serial_column_ruins, column_ruins_temple_circle,
          column_ruins_columns_T, column_ruins_open_tiny, column_ruins_grid_1,
          column_ruins_grid_4, column_ruins_grid_3, serial_shops, shop,
          uniq_sigmund
D:7:      cheibrodos_fertilizer, layout_loops_ring, overflow_temple_1_default,
          slow_altar_1, minmay_stone_trees_small
D:8:      lemuel_ice_spiral_2, layout_basic, overflow_temple_1_default,
          amcnicky_altar_gilded, nicolae_qazlal_scattered_showers,
          mainiacjoe_overflow_24_doors, lair_entry_dummy
D:9:      layout_long_grid, mainiacjoe_overflow_tiny_flanked,
          kennysheep_generic_room_4, uniq_erolcha, uniq_joseph
D:10:     layout_roguey, general_overflow_altar, orc_0_dummy,
          gammafunk_ghost_smash, serial_shops, shop_statue
D:11:     layout_layer_cave, serial_shops, nicolae_lakefront_shop
D:12:     layout_basic, nicolae_take_the_stairs, nooodl_orcs_dogs
D:13:     layout_long_grid, erik_vaults_2
D:14:     layout_loops_ring, dk_noncrumbling_2, minmay_unpleasant_kobolds
Temple:   nicolae_temple_ecumenical_triangle
Lair:1:   layout_cave_pods, uniq_amaemon
Lair:2:   layout_layer_cave, minmay_shoals_entry_lonely_mermaid,
          spider_nest_entry_webs, nicolae_quartered_pool_little,
          chequers_serial_rivers_small_b, serial_bayou_shore_a
Lair:3:   layout_roguey, nicolae_lair_liquid_snakes
Lair:4:   kb_forest_paths, layout_layer_cave,
          portal_ice_cave_entry_ice_simulacra
Lair:5:   gammafunk_lair_ancient_temple, layout_gridlike,
          minmay_slime_entry_pillars, uniq_nessos
Orc:1:    layout_caves

Skill      XL: |  1  2  3  4  5  6  7  8  9 10 11 12 13 14 |
---------------+-------------------------------------------+-----
Necromancy     | 5 6 7 8 9 10 12 14 | 14.8
Dodging        | 2 3 4 5 6 |  6.5
Spellcasting   | 3 4 5 6 8 9 10 12 13 | 13.8
Armour         | 1 2 3 4 5 6 |  6.1
Hexes          | 1 2 4 5 7 8 10 | 10.6
Fighting       | 1 2 3 4 5 |  5.7
Conjurations   | 2 3 |  3.2
Stealth        | |  1.7

Action                   |  1- 3 |  4- 6 |  7- 9 | 10-12 | 13-15 || total
-------------------------+-------+-------+-------+-------+-------++-------
Melee: Dagger            |    21 |       |       |       |       ||    21
       Long sword        |       |    70 |   138 |       |       ||   208
       Tailslap          |       |       |    25 |    36 |    37 ||    98
       Punch             |       |       |     3 |       |     1 ||     4
       Quarterstaff      |       |       |    24 |   214 |    52 ||   290
       Rapier            |       |       |       |       |   161 ||   161
 Cast: Necrotise         |    64 |    78 |   139 |   107 |       ||   388
       Vampiric Draining |       |     2 |     4 |   139 |   254 ||   399
       Summon Guardian G |       |       |     7 |    39 |     1 ||    47
       Leda's Liquefacti |       |       |       |    16 |       ||    16
       Yara's Violent Un |       |       |       |     3 |       ||     3
       Enfeeble          |       |       |       |     1 |     1 ||     2
       Vhi's Electric Ch |       |       |       |       |     1 ||     1
       Irradiate         |       |       |       |       |     3 ||     3
       Swiftness         |       |       |       |       |     1 ||     1
Invok: Call Merchant     |       |       |       |     1 |       ||     1
       Potion Petition   |       |       |       |     1 |       ||     1
  Use: Scroll            |     1 |     7 |     4 |    13 |     2 ||    27
       Potion            |       |       |       |       |     1 ||     1
 Stab: Sleeping          |       |     1 |       |       |       ||     1
       Distracted        |       |       |       |       |     3 ||     3
Armor: Robe              |    10 |     1 |       |       |       ||    11
       Ring mail         |       |    73 |   281 |   384 |   376 ||  1114
Dodge: Dodged            |    25 |    48 |   225 |   389 |   490 ||  1177

Table legend: (Time is in decaauts)
 A = Elapsed time spent in this place.
 B = Non-inter-level travel time spent in this place.
 C = Inter-level travel time spent in this place.
 D = Time resting spent in this place.
 E = Time spent auto-exploring this place.
 F = Levels seen in this place.
 G = Mean time per level.
                   A        B        C        D        E       F      G
               +--------+--------+--------+--------+--------+-----+--------+
         Total |  23613 |  21290 |   2323 |   1182 |  15469 |  21 | 1124.4 |
       Dungeon |  17285 |  15355 |   1930 |    696 |  11232 |  14 | 1234.6 |
        Temple |    116 |    101 |     15 |      0 |     80 |   1 |  116.0 |
          Lair |   6210 |   5833 |    377 |    486 |   4157 |   5 | 1242.0 |
  Orcish Mines |      1 |      1 |      0 |      0 |      0 |   1 |    1.0 |
               +--------+--------+--------+--------+--------+-----+--------+

Top non-repeatable levels by time:
  Lair:4: 2058 daAuts
     D:8: 2025 daAuts
    D:12: 1792 daAuts
    D:11: 1687 daAuts
  Lair:2: 1579 daAuts
     D:7: 1505 daAuts
    D:13: 1498 daAuts
     D:9: 1312 daAuts
     D:4: 1239 daAuts
  Lair:3: 1222 daAuts
     D:2: 1191 daAuts
     D:1: 1140 daAuts
  Lair:1: 1085 daAuts
     D:5: 1055 daAuts
    D:10: 987 daAuts
